 Dungeon Crawl Stone Soup version 0.20-b1-2-gc5a9893 (webtiles) character file.

57519 miragecloak the Black Belt (level 14, -6/151 HPs)
             Began as a Yellow Draconian Transmuter on May 19, 2017.
             Was an Elder of Ashenzari.
             Mangled by a centaur warrior (9 damage)
             ... on level 14 of the Dungeon on May 22, 2017.
             The game lasted 00:54:55 (25001 turns).

miragecloak the Black Belt (DrTm)                  Turns: 25001, Time: 00:54:56

Health: -6/151     AC:  7    Str: 18    XL:     14   Next: 46%
Magic:  12/18      EV: 15    Int: 17    God:    Ashenzari [****..]
Gold:   1435       SH:  0    Dex: 15    Spells: 9/19 levels left

rFire    x . .     SeeInvis +     - Unarmed
rCold    + + +     Gourm    .   (shield currently unavailable)
rNeg     + . .     Faith    .   (armour unavailable)
rPois    +         Spirit   .   (helmet currently unavailable)
rElec    .         Reflect  .   (cloak currently unavailable)
rCorr    .         Harm     .   (gloves currently unavailable)
MR       .....     Clarity  +   (boots currently unavailable)
Stlth    ..........             (no amulet)
Regen    0.4/turn               e - ring of loudness (curse)
MPRegen  0.2/turn               R - ring of positive energy (curse)

@: mighty, short of breath, ice-form, vulnerable, barbed spikes, flying, slowed,
very slow
A: (spit acid), (acid resistance), unfitting armour, blurry vision 1, clever 1,
AC +8
a: End Transformation, Curse Item, Scrying, Renounce Religion


You were on level 14 of the Dungeon.
You worshipped Ashenzari.
Ashenzari was greatly pleased with you.
You were very hungry.
You were a creature of crystalline ice.
You visited 3 branches of the dungeon, and saw 22 of its levels.

You collected 1435 gold pieces.

Inventory:

Missiles
 a - 210 arrows
Armour
 i - a +0 pair of boots (melded)
 p - a cursed +2 pair of gloves (melded)
 t - a cursed +1 cloak (melded)
Jewellery
 e - a cursed ring of loudness (left front paw)
 h - an uncursed ring of flight
 m - a +2 ring of strength
 y - an uncursed ring of ice
 D - a +2 ring of protection
 R - a cursed ring of positive energy (right front paw)
Wands
 g - a wand of lightning (10/15)
 j - a wand of digging (15/24)
 B - a wand of disintegration (0/24)
Scrolls
 c - 3 scrolls of recharging {unknown}
 f - 3 scrolls of enchant weapon {unknown}
 k - 11 scrolls of identify {unknown}
 l - 4 scrolls of magic mapping {unknown}
 n - 5 scrolls of teleportation
 o - 3 scrolls of immolation {unknown}
 s - 2 scrolls of enchant armour {unknown}
 z - 5 scrolls of blinking {unknown}
 E - 3 scrolls of random uselessness {unknown}
 F - a scroll of acquirement {unknown}
 I - a scroll of noise {unknown}
 O - 2 scrolls of remove curse
 W - a scroll of holy word {unknown}
 X - a scroll of torment {unknown}
 Y - a scroll of vulnerability {unknown}
Potions
 r - 3 potions of flight
 v - 2 potions of resistance {unknown}
 w - 2 potions of ambrosia {unknown}
 x - 2 potions of degeneration {unknown}
 A - 5 potions of curing
 C - 2 potions of magic {unknown}
 G - 4 potions of brilliance {unknown}
 J - a potion of might
 T - a potion of invisibility {unknown}
Books
 b - a book of Changes

   Spells                             Type                      Level
   a - Beastly Appendage              Transmutation                1
   b - Sticks to Snakes               Transmutation                2
   c - Spider Form                    Transmutation/Poison         3
   d - Ice Form                       Ice/Transmutation            4
   e - Blade Hands                    Transmutation                5
 q - a book of Enchantments

   Spells                             Type                      Level
   a - Cause Fear                     Hexes                        4
   b - Yara's Violent Unravelling     Hexes/Transmutation          5
   c - Silence                        Hexes/Air                    5
   d - Deflect Missiles               Charms/Air                   6
   e - Discord                        Hexes                        8
 u - a book of Summonings

   Spells                             Type                      Level
   a - Recall                         Summoning/Translocation      3
   b - Aura of Abjuration             Summoning                    5
   c - Summon Demon                   Summoning                    5
   d - Summon Forest                  Summoning/Translocation      5
   e - Summon Mana Viper              Hexes/Summoning              5
   f - Shadow Creatures               Summoning                    6
 L - a book of Air

   Spells                             Type                      Level
   a - Shock                          Conjuration/Air              1
   b - Swiftness                      Charms/Air                   2
   c - Static Discharge               Conjuration/Air              3
   d - Airstrike                      Air                          4
   e - Lightning Bolt                 Conjuration/Air              5
 U - a book of Burglary

   Spells                             Type                      Level
   a - Swiftness                      Charms/Air                   2
   b - Passwall                       Transmutation/Earth          2
   c - Passage of Golubria            Translocation                4
   d - Lee's Rapid Deconstruction     Earth                        5
   e - Darkness                       Hexes                        6
   f - Invisibility                   Hexes                        6
Comestibles
 d - 6 royal jellies
 M - 8 bread rations
 Q - 3 meat rations
 S - 9 fruits


   Skills:
 * Level 12.2 Fighting
 - Level 9.0 Dodging
 + Level 17.0 Unarmed Combat
 - Level 3.1 Spellcasting
 - Level 11.2(13.3) Transmutations
 - Level 1.6(3.2) Ice Magic


You had 9 spell levels left.
You knew the following spells:

 Your Spells              Type           Power        Failure   Level  Hunger
a - Beastly Appendage     Tmut           #####.       1%          1    None
b - Blade Hands           Tmut           #####.....   1%          5    ######.
c - Ice Form              Ice/Tmut       ####....     5%          4    ####...


Dungeon Overview and Level Annotations

Branches:
Dungeon (14/15)            Temple (0/1) D:4            Lair (6/6) D:10
 Shoals (0/4) Lair:3       Spider (0/4) Lair:4        Slime (0/5) Lair:5
    Orc (2/2) D:10            Elf (0/3) Orc:2        Vaults (0/5) D:13

Altars:
Ashenzari
Cheibriados
Dithmenos
Fedhas
Kikubaaqudgha
Nemelex Xobeh
Trog
Xom
Yredelemnul
Beogh

Shops:
Orc:2 (

Annotations:
D:3 Shinoi's ghost, weakling MiAK
D:5 miragecloak's ghost, amateur DrTm
D:9 2 transporters
Lair:1 exclusion: 4 oklob plants
Lair:5 exclusion: 2 oklob plants
Orc:1 tcpcsj's ghost, journeyman MiBe


Innate Abilities, Weirdness & Mutations

((You can spit globs of acid.))
((You are resistant to acid.))
((Your golden yellow scales are hard. (AC +8)))
You cannot fit into any form of body armour.
((You have acidic saliva.))
((You are cold-blooded and may be slowed by cold attacks.))
((You have a pair of small antennae on your head.))
((You have a beak for a mouth.))
((Your tail ends in a poisonous barb.))
((You have sharp toenails.))
Scrolls take you a little longer to read.
Your mind is acute. (Int +2)
((Your flesh is cold resistant. (rC+)))
((Your flesh is heat resistant. (rF+)))


Message History

Okay, then.
You feel very mighty all of a sudden. The centaur warrior hits you.
* * * LOW HITPOINT WARNING * * *
The manticore misses you. The manticore closely misses you.
The manticore claws you but does no damage.
The freezing wraith hits you.
* * * LOW HITPOINT WARNING * * *
The freezing wraith freezes you. You resist.
* * * LOW HITPOINT WARNING * * *
The freezing wraith hits you.
* * * LOW HITPOINT WARNING * * *
The freezing wraith drains your vigour!
You feel yourself slow down.
The centaur warrior hits you but does no damage.
You punch the manticore! You freeze the manticore.
The manticore is moderately wounded.
The manticore closely misses you. The manticore claws you.
* * * LOW HITPOINT WARNING * * *
The manticore misses you. The centaur warrior hits you!
You die...

############
#..........#
#.>....c.<.#
#.....$WY..# **
#......H.%.#
,...###'###..#*
, , *..#, #..#*
#..#**,, #..#
*#.#. , , #.#
,,* ,#.,.** **
, *.# * , *#,#
,, , # ,* , ,
,*,, * + *


You could see a centaur warrior, a manticore and a freezing wraith.

Vanquished Creatures
  Frances (D:13)
  Erolcha (D:13)
  A rakshasa (D:14)
  4 hydras
  8 two-headed ogres
  2 death yaks
  Urug (D:11)
  2 orc high priests
  4 unseen horrors
  An orc knight (Orc:2)
  A phantasmal warrior (D:14)
  4 ugly things
  A wolf spider (D:14)
  3 manticores
  2 orc sorcerers
  2 deep elf magi
  2 cyclopes
  4 elephants (Lair:5)
  4 black mambas
  Joseph (D:9)
  5 spiny frogs
  A freezing wraith (D:13)
  6 komodo dragons
  3 rime drakes
  2 merfolk (Lair:3)
  A meliai (shapeshifter) (D:13)
  A polar bear (Lair:1)
  A troll (D:12)
  A troll (shapeshifter) (D:13)
  A wind drake (shapeshifter) (D:13)
  A slime creature (D:14)
  18 blink frogs
  8 hippogriffs
  A redback (Lair:4)
  A wraith (D:10)
  38 yaks
  3 wyverns
  Grum (D:8)
  2 steam dragons
  4 vampire mosquitoes (D:13)
  2 hungry ghosts
  3 wargs
  10 water moccasins
  7 porcupines
  An ice beast (D:8)
  6 sky beasts
  23 orc warriors
  A black bear (D:8)
  2 phantoms
  11 ogres
  19 wolves
  3 centaurs
  10 crocodiles
  8 big kobolds
  11 bullfrogs
  A water moccasin zombie (D:8)
  A water moccasin skeleton (D:10)
  2 wyvern skeletons
  7 scorpions
  17 killer bees
  9 wights
  2 howler monkeys
  4 bullfrog zombies
  3 crimson imps
  11 orc priests
  6 quasits
  A centaur zombie (D:7)
  4 centaur skeletons
  2 jellies
  2 hounds (D:11)
  16 orc wizards
  Crazy Yiuf (D:7)
  4 bullfrog skeletons
  4 gnoll shamans (D:10)
  8 iguanas
  5 worker ants
  2 hound zombies
  2 hound skeletons (D:10)
  12 gnolls
  A howler monkey skeleton (D:10)
  15 adders
  3 shadow imps
  An adder skeleton (D:9)
  3 worms
  2 dart slugs
  4 leopard geckos
  81 orcs
  3 ball pythons
  6 hobgoblins
  7 jackals
  3 quokkas
  A bat (D:3)
  A frilled lizard (D:1)
  2 goblins
  31 kobolds
  2 rats
557 creatures vanquished.

Vanquished Creatures (others)
  A kobold (D:11)
  18 fungi
  5 plants
24 creatures vanquished.

Grand Total: 581 creatures vanquished

Notes
Turn   | Place    | Note
-------+----------+-------------------------------------------
     0 | D:1      | miragecloak the Draconian Transmuter began the quest for the Orb.
     0 | D:1      | Reached XP level 1. HP: 16/16 MP: 3/3
   350 | D:1      | Reached XP level 2. HP: 19/23 MP: 3/5
   925 | D:2      | Reached skill level 4 in Unarmed Combat
  1342 | D:2      | Found a shattered altar of Ashenzari.
  1343 | D:2      | Found a shadowy altar of Dithmenos.
  1349 | D:2      | Became a worshipper of Ashenzari the Shackled
  1449 | D:2      | Found a shimmering altar of Xom.
  1468 | D:2      | Found a sparkling altar of Nemelex Xobeh.
  1664 | D:2      | Reached XP level 3. HP: 14/28 MP: 6/6
  2132 | D:3      | Reached XP level 4. HP: 32/35 MP: 5/7
  2139 | D:3      | Reached skill level 5 in Unarmed Combat
  2263 | D:3      | Found a snail-covered altar of Cheibriados.
  2299 | D:3      | Noticed Shinoi's ghost (weakling MiAK)
  2660 | D:4      | Noticed a sky beast
  2685 | D:4      | Killed a sky beast
  2685 | D:4      | Reached skill level 6 in Unarmed Combat
  2685 | D:4      | Reached XP level 5. HP: 24/40 MP: 8/8
  2794 | D:4      | Found a staircase to the Ecumenical Temple.
  3288 | D:5      | Entered Level 5 of the Dungeon
  3354 | D:5      | Found a bloodstained altar of Trog.
  3361 | D:5      | Reached XP level 6. HP: 47/47 MP: 7/9
  3496 | D:5      | Reached skill level 7 in Unarmed Combat
  3692 | D:5      | Noticed miragecloak's ghost (amateur DrTm)
  3751 | D:7      | You fall through a shaft!
  3868 | D:8      | Reached skill level 8 in Unarmed Combat
  3893 | D:8      | Your scales start taking on a golden yellow colour.
  3893 | D:8      | Reached XP level 7. HP: 32/52 MP: 8/10
  4139 | D:8      | Noticed Grum
  4166 | D:7      | Found a basalt altar of Yredelemnul.
  4192 | D:7      | Found a runed door.
  4224 | D:7      | Reached * piety under Ashenzari
  4248 | D:7      | Reached skill level 9 in Unarmed Combat
  4320 | D:7      | Reached XP level 8. HP: 51/66 MP: 9/11
  4391 | D:7      | Noticed Crazy Yiuf
  4396 | D:7      | Killed Crazy Yiuf
  4956 | D:7      | Reached skill level 5 in Fighting
  5159 | D:8      | Gained mutation: Your system is resistant to poisons. (rPois) [potion of mutation]
  5175 | D:8      | HP: 5/103 [poisoned by a killer bee]
  5183 | D:8      | HP: 5/103 [poisoned by a killer bee]
  5193 | D:8      | HP: 4/103 [poisoned by a killer bee]
  5199 | D:8      | HP: 4/103 [poisoned by a killer bee]
  5205 | D:8      | HP: 5/103 [poisoned by a killer bee]
  5614 | D:8      | Reached skill level 10 in Unarmed Combat
  6183 | D:8      | Reached XP level 9. HP: 71/78 MP: 10/12
  6296 | D:8      | Killed Grum
  6326 | D:8      | Reached skill level 5 in Transmutations
  6466 | D:8      | Noticed a two-headed ogre
  6471 | D:8      | Killed a two-headed ogre
  6600 | D:9      | Found an ancient bone altar of Kikubaaqudgha.
  6602 | D:9      | Found a basalt altar of Yredelemnul.
  6604 | D:9      | Noticed a flayed ghost
  6608 | D:9      | Noticed Joseph
  6662 | D:9      | Noticed a skeletal warrior
  6777 | D:9      | Learned a level 5 spell: Blade Hands
  6926 | D:9      | Killed Joseph
  7215 | D:9      | Noticed a two-headed ogre
  7221 | D:9      | Killed a two-headed ogre
  7221 | D:9      | Reached XP level 10. HP: 66/84 MP: 8/13
  7596 | D:10     | Entered Level 10 of the Dungeon
  7606 | D:10     | Noticed a two-headed ogre
  7615 | D:10     | Killed a two-headed ogre
  7924 | D:10     | Reached skill level 10 in Transmutations
  7970 | D:10     | Upgraded the game from 0.20-b1 to 0.20-b1-2-gc5a9893
  7978 | D:10     | Reached skill level 5 in Dodging
  8343 | D:10     | Lost mutation: Your system is resistant to poisons. (rPois) [potion of mutation]
  8343 | D:10     | Gained mutation: Your mind is acute. (Int +2) [potion of mutation]
  8343 | D:10     | Gained mutation: You are clumsy. (Dex -2) [potion of mutation]
  8343 | D:10     | Gained mutation: You have a pair of small horns on your head. [potion of mutation]
  8343 | D:10     | Gained mutation: You are robust. (+10% HP) [potion of mutation]
  8344 | D:10     | Lost mutation: You are robust. (+10% HP) [potion of mutation]
  8344 | D:10     | Lost mutation: Your mind is acute. (Int +2) [potion of mutation]
  8344 | D:10     | Lost mutation: You are clumsy. (Dex -2) [potion of mutation]
  8344 | D:10     | Gained mutation: You have a pair of horns on your head. [potion of mutation]
  8345 | D:10     | Lost mutation: You have a pair of horns on your head. [potion of mutation]
  8345 | D:10     | Lost mutation: You have a pair of small horns on your head. [potion of mutation]
  8345 | D:10     | Gained mutation: Your muscles are strong. (Str +2) [potion of mutation]
  8345 | D:10     | Gained mutation: You have sharp fingernails. [potion of mutation]
  8345 | D:10     | Gained mutation: Your flesh is heat resistant. (rF+) [potion of mutation]
  8508 | D:10     | Found a staircase to the Orcish Mines.
  8643 | D:10     | Reached ** piety under Ashenzari
  8670 | D:10     | Noticed a two-headed ogre
  8681 | D:10     | Killed a two-headed ogre
  8682 | D:10     | Reached XP level 11. HP: 58/92 MP: 7/14
  9112 | D:10     | Found a staircase to the Lair.
  9140 | D:10     | Noticed a two-headed ogre
  9148 | D:10     | Killed a two-headed ogre
  9148 | D:10     | Reached skill level 11 in Unarmed Combat
  9157 | D:10     | Gained mutation: Your large and strong wings let you fly indefinitely. [mutagenic meat]
  9158 | D:10     | Gained mutation: Your tail ends in a poisonous barb. [mutagenic meat]
  9159 | D:10     | Gained mutation: Your magical capacity is low. (-10% MP) [mutagenic meat]
  9162 | D:10     | Lost mutation: Your magical capacity is low. (-10% MP) [mutagenic meat]
 10143 | D:10     | Noticed a two-headed ogre
 10149 | D:10     | Killed a two-headed ogre
 10456 | Orc:1    | Entered Level 1 of the Orcish Mines
 10461 | Orc:1    | Reached skill level 12 in Unarmed Combat
 10611 | Orc:2    | Entered Level 2 of the Orcish Mines
 10613 | Orc:2    | Noticed an orc sorcerer
 10613 | Orc:2    | Noticed an orc sorcerer
 10813 | Orc:1    | Killed an orc sorcerer
 11900 | Orc:2    | Found Kozoergh's Antique Weapon Shop.
 11904 | Orc:2    | Noticed an orc high priest
 12530 | D:11     | Noticed Urug
 12844 | D:12     | Reached skill level 13 in Unarmed Combat
 13205 | D:12     | Noticed a cyan ugly thing
 13227 | D:12     | Killed a cyan ugly thing
 13227 | D:12     | Reached XP level 12. HP: 67/101 MP: 11/16
 13230 | D:12     | Lost mutation: Your large and strong wings let you fly indefinitely. [mutagenic meat]
 13231 | D:12     | Gained mutation: Your flesh is cold resistant. (rC+) [mutagenic meat]
 13233 | D:12     | Gained mutation: You are occasionally teleported next to monsters. [mutagenic meat]
 14602 | D:13     | Noticed Frances
 14611 | D:13     | Killed Frances
 14647 | D:13     | Gained mutation: You have a beak for a mouth. [mutagenic meat]
 14683 | D:13     | Noticed Erolcha
 14700 | D:13     | Killed Erolcha
 14700 | D:13     | Reached skill level 14 in Unarmed Combat
 15016 | D:11     | Killed Urug
 15277 | D:11     | Noticed a two-headed ogre
 15280 | D:11     | Killed a two-headed ogre
 15698 | D:11     | Noticed a two-headed ogre
 15898 | D:11     | Killed a two-headed ogre
 15898 | D:11     | Reached skill level 15 in Unarmed Combat
 15901 | D:11     | Found a blossoming altar of Fedhas.
 16210 | Lair:1   | Entered Level 1 of the Lair of Beasts
 16802 | Lair:1   | Learned a level 4 spell: Ice Form
 16873 | Lair:1   | Reached skill level 1 in Ice Magic
 16873 | Lair:1   | Reached XP level 13. HP: 111/111 MP: 14/17
 17078 | Lair:1   | Identified the ring "Wadudukk" {rF+ rN+ Str+4 Int-3 Slay+2}
 17079 | Lair:1   | Identified the ring of Awumyotz {rPois MR+ MP+9 Dex+5}
 17624 | Lair:2   | Found a dark tunnel.
 17655 | Lair:2   | Reached *** piety under Ashenzari
 17818 | Lair:2   | Lost mutation: You have sharp fingernails. [potion of mutation]
 17818 | Lair:2   | Lost mutation: Your muscles are strong. (Str +2) [potion of mutation]
 17818 | Lair:2   | Lost mutation: You are occasionally teleported next to monsters. [potion of mutation]
 17818 | Lair:2   | Gained mutation: You have a pair of small antennae on your head. [potion of mutation]
 17818 | Lair:2   | Gained mutation: Scrolls take you a little longer to read. [potion of mutation]
 17818 | Lair:2   | Gained mutation: You have sharp toenails. [potion of mutation]
 18859 | Lair:3   | Reached **** piety under Ashenzari
 18904 | Lair:3   | Reached skill level 10 in Fighting
 19409 | Lair:3   | Reached skill level 16 in Unarmed Combat
 19640 | Lair:3   | Found a staircase to the Shoals.
 20850 | Lair:5   | Found a staircase to the Slime Pits.
 21506 | Lair:6   | Entered Level 6 of the Lair of Beasts
 22383 | Lair:4   | Found a hole to the Spider Nest.
 22457 | Lair:4   | Gained mutation: You have acidic saliva. [Yellow Draconian growth]
 22457 | Lair:4   | Reached XP level 14. HP: 96/126 MP: 12/18
 23121 | Orc:2    | Reached skill level 17 in Unarmed Combat
 23150 | Orc:2    | Found a staircase to the Elven Halls.
 23261 | Orc:2    | Noticed an orc warlord
 23274 | Orc:1    | Found a roughly hewn altar of Beogh.
 23274 | Orc:1    | Noticed tcpcsj's ghost (journeyman MiBe)
 23659 | D:13     | Found a gate to the Vaults.
 23675 | D:13     | Gained mutation: Your mind is acute. (Int +2) [mutagenic meat]
 24734 | D:13     | Found a blossoming altar of Fedhas.
 24993 | D:14     | HP: 1/151 [manticore/volley of spikes (15)]
 25000 | D:14     | HP: 7/151 [freezing wraith (3)]
 25001 | D:14     | HP: 3/151 [manticore (4)]
 25001 | D:14     | Mangled by a centaur warrior

Skill      XL: |  1  2  3  4  5  6  7  8  9 10 11 12 13 14 |
---------------+-------------------------------------------+-----
Unarmed Combat | 4 6 8 9 10 13 15 16 17 | 17.0
Fighting       | 3 6 7 9 12 | 12.2
Transmutations | 3 9 10 11 | 11.2
Dodging        | 6 7 8 9 |  9.0
Spellcasting   | 3 |  3.1
Ice Magic      | 1 |  1.6

Action                   |  1- 3 |  4- 6 |  7- 9 | 10-12 | 13-15 || total
-------------------------+-------+-------+-------+-------+-------++-------
Melee: Unarmed           |   142 |   131 |   302 |   525 |   403 ||  1503
       Kick              |    16 |    11 |    10 |       |       ||    37
       Tailslap          |    12 |    14 |    33 |    43 |    38 ||   140
       Headbutt          |     5 |     8 |    33 |     4 |       ||    50
       Punch             |     1 |     3 |    10 |    31 |    21 ||    66
       Peck              |       |       |       |    13 |    68 ||    81
       Bite              |       |       |       |       |    13 ||    13
 Cast: Beastly Appendage |    27 |    28 |    60 |     6 |       ||   121
       Blade Hands       |       |       |     3 |    95 |    72 ||   170
       Ice Form          |       |       |       |       |     6 ||     6
Invok: Curse Item        |     1 |       |     1 |       |     1 ||     3
 Abil: Breathe Acid      |       |       |    22 |    33 |     8 ||    63
Evoke: Wand              |       |       |       |     1 |       ||     1
  Use: Potion            |       |       |     4 |     4 |     7 ||    15
       Scroll            |       |       |       |     1 |       ||     1
  Eat: Chunk             |     4 |     3 |     7 |    70 |    57 ||   141
       Bread ration      |       |     1 |     1 |       |       ||     2
       Meat ration       |       |       |     1 |     1 |       ||     2
       Royal jelly       |       |       |       |     6 |       ||     6
       Fruit             |       |       |       |       |     2 ||     2
Armor: Skin              |    27 |    40 |   120 |   140 |   104 ||   431
Dodge: Dodged            |    78 |    81 |   167 |   386 |   331 ||  1043
